Map: Blueshift LE

Players

Snute - Winner!

  • Race: Zerg Zerg
  • Spawn Location: 7:00

Cuddlebear

  • Race: Terran Terran
  • Spawn Location: 1:00

Event: WCS Montreal 2018

VOD

Have the link to the VOD?

Description

Time

  • Played on: Sept. 7, 2018, 12:59 p.m.
  • Length: 12:16

All games in this series

Show
View Real Time Build Order
Export as new Build Order

Snute Zerg - Winner!

Build Orders: Pool First 

Get SALT Encoding   

  12  0:00  Drone  
  13  0:12  Overlord  
  13  0:16  Drone  
  14  0:30  Drone x2  
  14  0:34  Drone  
  17  0:44  Spawning Pool  
  17  0:47  Drone  
  17  1:08  Hatchery  
  17  1:10  Drone  
  17  1:12  Drone  
  17  1:17  Extractor, Drone  
  18  1:31  Zergling x2, Queen  
  21  1:39  Overlord  
  21  1:49  Drone  
  22  2:00  Drone  
  23  2:06  Queen  
  25  2:10  Drone  
  26  2:17  Metabolic Boost  
  26  2:19  Queen  
  26  2:20  Drone  
  29  2:22  Drone  
  29  2:30  Drone  
  29  2:32  Drone  
  31  2:38  Overlord  
  31  2:39  Drone  
  31  2:40  Drone  
  31  2:41  Drone  
  34  2:44  Drone  
  35  2:53  Overlord  
  35  2:56  Drone  
  36  2:59  Queen  
  36  3:05  Drone  
  39  3:07  Drone  
  39  3:11  Drone x3  
  43  3:14  Drone x2  
  43  3:15  Drone x2  
  43  3:19  Overlord  
  47  3:24  Queen  
  49  3:28  Overlord  
  49  3:29  Drone  
  50  3:41  Hatchery  
  50  3:42  Zergling x2  
  50  3:43  Zergling x2  
  50  3:45  Zergling x2  
  50  3:46  Zergling x4  
  54  3:53  Drone x4  
  58  3:58  Lair  
  58  4:02  Queen  
  58  4:05  Drone  
  58  4:06  Extractor  
  60  4:11  Baneling Nest, Zergling x4  
  60  4:13  Drone  
  60  4:17  Drone  
  63  4:21  Drone x4  
  65  4:31  Zergling x6  
  65  4:33  Drone  
  65  4:34  Drone  
  67  4:42  Spore Crawler x2, Zergling x2  
  66  4:48  Drone  
  67  4:53  Zergling x4  
  67  4:56  Drone  
  67  4:59  Queen  
  72  5:04  Centrifical Hooks, Queen, Evolution Chamber  
  72  5:05  Evolution Chamber  
  72  5:06  Drone x2  
  74  5:11  Drone  
  74  5:22  Overlord  
  74  5:27  Overlord  
  74  5:29  Overlord  
  74  5:30  Drone  
  74  5:33  Overseer  
  74  5:35  Zerg Ground Armor Level 1  
  74  5:36  Overlord  
  74  5:37  Overlord  
  74  5:38  Extractor x2  
  74  5:40  Extractor  
  74  5:41  Extractor  
  74  5:42  Drone x9  
  79  5:46  Zerg Missile Weapons Level 1  
  79  5:52  Overlord  
  79  5:54  Drone x2  
  81  5:58  Roach Warren  
  81  6:00  Zergling x2  
  81  6:01  Baneling x2  
  81  6:02  Baneling  
  81  6:03  Baneling  
  79  6:18  Drone x4  
  81  6:19  Drone x3  
  81  6:20  Drone x2  
  81  6:21  Drone  
  81  6:22  Overlord, Hatchery  
  81  6:23  Overlord  
  88  6:36  Spore Crawler, Drone x3  
  88  6:38  Overlord  
  89  6:42  Roach x2  
  89  6:43  Roach x6  
  89  6:45  Glial Reconstitution  
  103  6:54  Overlord  
  93  6:55  Drone x3  
  93  6:59  Drone  
  97  7:03  Zergling x2  
  97  7:04  Zergling x4  
  100  7:11  Drone x3  
  98  7:16  Drone x4  
  98  7:18  Overlord  
  102  7:28  Hydralisk Den  
  101  7:30  Drone x3  
  101  7:33  Drone x3  
  101  7:34  Drone  
  101  7:35  Zerg Ground Armor Level 2  
  108  7:39  Drone  
  108  7:41  Zerg Missile Weapons Level 2  
  109  7:48  Roach  
  109  7:49  Roach x5  
  121  7:55  Roach x3  
  125  8:00  Grooved Spines  
  125  8:01  Drone x4  
  125  8:04  Extractor, Ravager x5  
  125  8:05  Overlord  
  133  8:06  Extractor  
  133  8:10  Overlord  
  134  8:13  Roach x5  
  134  8:33  Roach  
  134  8:34  Roach x12  
  160  8:43  Spine Crawler  
  160  8:44  Spine Crawler  
  160  8:45  Spine Crawler, Drone x3  
  160  8:48  Hydralisk x2  
  162  8:49  Spine Crawler  
  162  8:50  Ravager x2  
  162  8:51  Ravager x3  
  162  8:53  Ravager x3  
  162  8:54  Ravager x2  
  173  8:58  Roach  
  173  8:59  Overlord  
  175  9:04  Overlord  
  175  9:10  Infestation Pit  
  174  9:27  Drone x3  
  174  9:28  Drone x2  
  179  9:32  Spine Crawler, Drone x2  
  179  9:33  Spine Crawler  
  179  9:35  Roach  
  179  9:36  Roach x5  
  189  9:38  Ravager  
  189  9:39  Ravager x2  
  189  9:42  Hydralisk  
  174  9:55  Hydralisk x5  
  176  10:03  Overlord x2, Hive  
  176  10:06  Ravager  
  176  10:07  Ravager x2  
  175  10:08  Hydralisk x4  
  165  10:25  Muscular Augments  
  165  10:29  Spine Crawler  
  165  10:30  Spine Crawler  
  165  10:32  Spine Crawler  
  160  10:37  Roach x10  
  180  10:44  Hatchery  
  168  10:58  Roach x6  
  168  10:59  Roach x2  
  184  11:04  Spine Crawler  
  184  11:05  Spine Crawler  
  184  11:08  Roach x6  
  187  11:27  Drone x2  
  187  11:28  Drone  
  190  11:33  Ravager  
  190  11:34  Ravager x9  
Show
View Real Time Build Order
Export as new Build Order

Cuddlebear Terran 

Build Orders: Reaper Expand, Hellion Banshee, Mech 

Get SALT Encoding   

  12  0:00  SCV  
  13  0:12  SCV  
  14  0:17  Supply Depot  
  14  0:24  SCV  
  15  0:39  SCV, Barracks  
  16  0:43  Refinery  
  16  0:51  SCV  
  17  1:03  SCV  
  18  1:15  SCV  
  19  1:27  Orbital Command  
  19  1:28  Reaper  
  20  1:41  Command Center  
  20  1:48  Supply Depot  
  20  1:53  SCV  
  21  2:00  Marine  
  22  2:07  Factory  
  22  2:10  SCV  
  23  2:21  Barracks Reactor  
  23  2:22  SCV  
  25  2:40  Command Center  
  25  2:42  SCV  
  25  2:54  SCV  
  25  2:55  Orbital Command  
  26  3:04  Hellion  
  28  3:06  SCV, Hellion  
  31  3:17  Starport  
  31  3:18  Barracks Tech Lab, SCV  
  32  3:21  SCV  
  35  3:27  Hellion  
  35  3:30  SCV  
  35  3:33  SCV  
  37  3:35  Hellion  
  39  3:42  SCV  
  39  3:45  SCV  
  41  3:51  Orbital Command  
  41  3:54  SCV  
  42  3:57  SCV  
  42  4:02  Banshee, Hellion x2  
  50  4:06  Refinery x2, SCV  
  50  4:08  Refinery  
  51  4:12  SCV  
  52  4:18  SCV  
  52  4:20  SCV  
  52  4:23  Hellion x2  
  57  4:35  SCV  
  57  4:38  SCV  
  58  4:39  SCV  
  59  4:46  Armory  
  59  4:47  SCV  
  59  4:48  Armory  
  59  4:50  SCV  
  61  5:00  Barracks Tech Lab  
  61  5:10  SCV x2, Factory x2  
  61  5:11  SCV  
  61  5:13  Supply Depot x2  
  64  5:17  Hellion  
  64  5:18  Hellion  
  68  5:22  SCV  
  69  5:33  Starport Reactor  
  69  5:34  SCV  
  69  5:35  Terran Vehicle And Ship Armor Level 1, Terran Vehicle Weapons Level 1  
  71  5:36  SCV  
  71  5:38  Orbital Command  
  71  5:43  Supply Depot  
  71  5:44  Supply Depot  
  71  5:45  Refinery  
  71  5:46  SCV  
  71  5:48  SCV, Hellion x2  
  77  5:50  Refinery  
  77  5:57  Supply Depot  
  77  5:58  SCV  
  77  6:00  SCV  
  79  6:05  SCV  
  79  6:08  Factory Tech Lab  
  79  6:10  SCV  
  81  6:12  SCV  
  81  6:15  Thor, Supply Depot, Hellion x2  
  81  6:17  SCV  
  91  6:23  SCV  
  91  6:25  SCV  
  93  6:26  Supply Depot  
  93  6:29  SCV  
  94  6:35  Thor, SCV  
  94  6:37  SCV  
  102  6:40  Hellion  
  102  6:41  SCV  
  103  6:47  SCV  
  96  6:56  SCV, Hellion  
  96  6:57  Medivac  
  96  6:58  Medivac  
  96  6:59  Hellion  
  102  7:01  SCV  
  102  7:02  Factory x2  
  102  7:03  Infernal Pre-Igniter  
  102  7:05  SCV  
  103  7:09  SCV  
  103  7:13  SCV  
  103  7:14  Hellion  
  99  7:17  SCV, Hellion  
  99  7:19  Supply Depot  
  102  7:23  Siege Tank x2  
  102  7:27  SCV  
  110  7:37  Hellion  
  110  7:39  Viking x2  
  110  7:40  Terran Vehicle Weapons Level 2, Terran Vehicle And Ship Armor Level 2  
  117  7:46  Factory Reactor, Factory Tech Lab  
  117  7:49  Command Center  
  117  7:50  SCV  
  116  7:53  Supply Depot  
  116  7:59  Siege Tank x2, Hellion  
  116  8:00  Hellion  
  126  8:11  Siege Tank  
  129  8:13  Viking  
  129  8:15  Viking  
  125  8:27  Hellion  
  125  8:31  Siege Tank  
  125  8:32  Hellion  
  132  8:35  Siege Tank  
  132  8:36  Hellion x2  
  139  8:42  Command Center  
  139  8:47  Command Center  
  139  8:48  Siege Tank  
  142  8:51  Supply Depot x3, Hellion  
  144  9:00  Hellion  
  146  9:03  Siege Tank  
  146  9:04  Hellion  
  146  9:07  Siege Tank  
  146  9:09  Viking x2, Hellion  
  160  9:18  Engineering Bay  
  160  9:22  Siege Tank, Hellion  
  161  9:29  Hellion  
  153  9:35  Siege Tank, Hellion  
  156  9:38  Hellion  
  156  9:39  Siege Tank  
  159  9:49  Hellion  
  159  9:50  Hellion  
  159  9:52  Viking  
  146  9:54  Siege Tank  
  146  9:56  Hellion  
  135  10:00  Hellion  
  135  10:01  Orbital Command  
  132  10:07  Siege Tank  
  132  10:10  Hellion  
  132  10:11  Siege Tank  
  132  10:12  Hellion  
  142  10:17  Hellion  
  135  10:21  Planetary Fortress  
  135  10:24  Refinery, Hellion  
  135  10:25  Refinery  
  135  10:26  Siege Tank  
  135  10:27  Orbital Command  
  140  10:30  SCV x2  
  142  10:38  Hellion  
  142  10:39  Siege Tank  
  147  10:43  Siege Tank  
  148  10:54  Hellion  
  146  10:58  Siege Tank, Hellion  
  146  10:59  SCV x2  
  146  11:00  SCV  
  146  11:01  SCV  
  146  11:02  SCV  
  154  11:11  Siege Tank  
  154  11:15  Siege Tank  
  152  11:25  Hellion  
  140  11:26  Hellion x2  
  140  11:28  Viking, Hellion  
  140  11:30  Siege Tank  
  151  11:39  Command Center  
  151  11:41  Viking  
  151  11:43  Siege Tank  
  163  11:54  Missile Turret, Hellion x2  
Tags
 
Add a new tag
Caveats
  • Supply blocks, unpowered buildings, or Contaminate may cause inaccurate times.
  • Supply counts are checked every 10 seconds.